 Dungeon Crawl Stone Soup version 0.18.1-51-gd549091e01 (webtiles) character file.

304 magog001 the Sneak (level 6, -2/44 HPs)
             Began as a Human Enchanter on Apr 3, 2021.
             Slain by a worm (4 damage)
             ... on level 2 of the Dungeon.
             The game lasted 00:18:53 (3570 turns).

magog001 the Sneak (Human Enchanter)                Turns: 3570, Time: 00:18:53

Health: -2/44      AC:  3    Str:  9    XL:     6   Next: 66%
Magic:  9/9        EV: 12    Int: 15    God:
Gold:   59         SH:  4    Dex: 15    Spells: 2 memorised, 7 levels left

rFire  . . .     SeeInvis .     n - +1 short sword (speed)
rCold  . . .     Gourm    .     r - +1 robe {MR+}
rNeg   . . .     Faith    .     i - +0 buckler
rPois  .         Spirit   .     (no helmet)
rElec  .         Dismiss  .     (no cloak)
rCorr  .         Reflect  .     (no gloves)
SustAt .         Harm     .     (no boots)
MR     +....                    (no amulet)
Stlth  +++.......               (no ring)
                                (no ring)

@: exhausted, slowed, very slow, somewhat resistant to hostile enchantments,
fairly stealthy
A: no striking features
a: no special abilities


You were on level 2 of the Dungeon.
You were not hungry.

You visited 1 branch of the dungeon, and saw 2 of its levels.

You collected 59 gold pieces.

Inventory:

Hand Weapons
 a - a +1 dagger
 d - a +0 hunting sling
 l - a +2 short sword of freezing
 n - a +1 short sword of speed (weapon)
 q - a +0 whip of venom
Missiles
 e - 47 sling bullets
Armour
 i - a +0 buckler (worn)
 r - a +1 robe of magic resistance (worn)
Wands
 m - a wand of confusion (28/48)
Scrolls
 f - a scroll of blinking
 g - 4 scrolls of identify
Potions
 b - a potion of cure mutation {unknown}
 h - a potion of magic {unknown}
 k - a potion of agility
 o - a potion of curing {unknown}
Books
 c - a book of Maledictions

   Spells                             Type                      Level
   a - Corona                         Hexes                        1
   b - Ensorcelled Hibernation        Hexes/Ice                    2
   c - Confuse                        Hexes                        3
   d - Tukima's Dance                 Hexes                        3
   e - Dazzling Spray                 Conjuration/Hexes            3


   Skills:
 * Level 2.2 Fighting
 * Level 2.4 Short Blades
 + Level 1.7 Armour
 * Level 2.6 Dodging
 * Level 4.2 Stealth
 * Level 1.1 Shields
 * Level 2.6 Spellcasting
 * Level 3.7 Hexes


You had 7 spell levels left.
You knew the following spells:

 Your Spells              Type           Power        Failure   Level  Hunger
a - Corona                Hex            ##.....      10%         1    #......
b - Ensorcelled Hibernat  Hex/Ice        #.....       21%         2    ###....


Dungeon Overview and Level Annotations

Branches:
Dungeon (2/15)

Altars:
Trog


Message History

You hit the worm.
The worm is heavily wounded.
The worm bites you!
* * * LOW HITPOINT WARNING * * *
The worm barely misses you. The worm closely misses you.
Things that are here:
a rat corpse x2
The worm misses you. The worm bites you!
* * * LOW HITPOINT WARNING * * *
There is a stone staircase leading down here.
Evoke which item? (* to show all) (? for menu, Esc to quit)
Zapping:
m - a wand of confusion (29/48)
Press: ? - help, Shift-Dir - straight line, f - worm
Aim: a worm (berserk, fast, unusually strong, chance to defeat MR: 54%)
The worm resists with significant effort.
This wand has 28 charges left.
The worm is no longer berserk.
The worm bites you.
You die...

########.............# #...
#.......#.......# #######...
#.#.#####.####.####....###.#
######.#.# #.# #.###.......###
....##.#.# #.# #.##.........#
....##.#.# ##.# #.##....#...)##
.(..##.#.# ##..# #.##...###..))#
....#....###...####..†...#y#._..#
......#......#..@w..##...###....#
#####...####.[.#######....#....#
.......## ##.## #.......).#
.[.##### #.# ##.......## ##.# #.#
##....### #.## #.# ###### #..##
#.# ##.#.########.#
#..##.##......#


You could see a worm.

Vanquished Creatures
  Sigmund (D:2)
  Natasha (thrice) (D:2)
  2 adders (D:2)
  2 oozes (D:1)
  2 worms (D:2)
  A giant cockroach (D:1)
  5 goblins (D:1)
  4 hobgoblins (D:1)
  4 kobolds
  4 bats (D:1)
  4 giant newts (D:1)
  6 rats
38 creatures vanquished.

Notes
Turn   | Place    | Note
--------------------------------------------------------------
     0 | D:1      | magog001 the Human Enchanter began the quest for the Orb.
     0 | D:1      | Reached XP level 1. HP: 13/13 MP: 3/3
   352 | D:1      | Reached XP level 2. HP: 19/19 MP: 3/5
   708 | D:1      | Learned a level 2 spell: Ensorcelled Hibernation
  1314 | D:1      | Reached XP level 3. HP: 24/25 MP: 6/6
  1425 | D:1      | You fall through a shaft!
  1434 | D:2      | Reached skill level 1 in Armour
  1957 | D:1      | Reached skill level 1 in Fighting
  2476 | D:2      | Noticed Natasha
  2487 | D:2      | Killed Natasha
  2487 | D:2      | Reached XP level 4. HP: 26/32 MP: 7/7
  2617 | D:2      | Learned a level 2 spell: Ensorcelled Hibernation
  2620 | D:2      | Noticed a moth of wrath
  2621 | D:2      | Noticed Sigmund
  2638 | D:2      | Killed Sigmund
  2638 | D:2      | Reached skill level 4 in Stealth
  2638 | D:2      | Reached skill level 1 in Shields
  2638 | D:2      | Reached XP level 5. HP: 29/38 MP: 3/8
  2638 | D:2      | Reached XP level 6. HP: 34/44 MP: 3/9
  2639 | D:2      | Noticed Natasha
  2652 | D:2      | Killed Natasha
  2656 | D:2      | Noticed Natasha
  2667 | D:2      | Killed Natasha
  3513 | D:2      | Found a bloodstained altar of Trog.
  3569 | D:2      | HP: 1/44 [worm (8)]
  3570 | D:2      | Slain by a worm

Skill      XL: |  1  2  3  4 |
---------------+-------------+-----
Armour         | 1 |  1.7
Fighting       | 1 2 |  2.2
Short Blades   | 2 |  2.4
Stealth        | 4 |  4.2
Shields        | 1 |  1.1
Dodging        | |  2.6
Spellcasting   | |  2.6
Hexes          | |  3.7

Action                   |  1- 3 |  4- 6 || total
-------------------------+-------+-------++-------
Melee: Dagger            |    79 |       ||    79
       Short sword       |    34 |    64 ||    98
 Cast: Corona            |     7 |     3 ||    10
       Ensorcelled Hiber |       |     1 ||     1
Evoke: Wand              |     1 |     5 ||     6
  Use: Scroll            |     8 |       ||     8
       Potion            |       |     2 ||     2
 Stab: Sleeping          |     4 |     1 ||     5
       Confused          |     2 |     2 ||     4
  Eat: Chunk             |     2 |       ||     2
       Meat ration       |     1 |       ||     1
       Bread ration      |       |     1 ||     1
Armor: Robe              |    16 |     4 ||    20
       Chain mail        |    59 |       ||    59
Dodge: Dodged            |    41 |    24 ||    65
Block: Buckler           |     3 |     4 ||     7
